 Dungeon Crawl Stone Soup version 0.29-a0-557-g43b9904bd1 (webtiles) character file.

Game seed: 6530838215525306879

1550 kae the Arsonist (level 8, 0/41 HPs)
             Began as a Deep Elf Fire Elementalist on June 8, 2022.
             Was an Initiate of Vehumet.
             Killed from afar by a steam dragon (15 damage)
             ... with a ball of steam
             ... on level 7 of the Dungeon.
             The game lasted 00:04:58 (6568 turns).

kae the Arsonist (Deep Elf Fire Elementalist)       Turns: 6568, Time: 00:04:58

Health: 0/41       AC:  9    Str:  5    XL:     8   Next: 57%
Magic:  25/29      EV: 16    Int: 23    God:    Vehumet [......]
Gold:   280        SH:  0    Dex: 15    Spells: 7/20 levels left

rFire   . . .      SeeInvis .   (no weapon)
rCold   . . .      Faith    .   (no shield)
rNeg    . . .      Spirit   .   s - +1 robe "Nitefoq" {Will+ MP+9}
rPois   .          Reflect  .   (no helmet)
rElec   .          Harm     .   (no cloak)
rCorr   .          Rampage  .   l - +1 pair of gloves
Will    +....                   (no boots)
Stlth   +.........              j - amulet of regeneration
HPRegen 0.93/turn               f - +4 ring of protection
MPRegen 0.21/turn               u - +4 ring of evasion

@: very slow
A: no striking features
a: Renounce Religion


You were on level 7 of the Dungeon.
You worshipped Vehumet.
Vehumet was noncommittal.
You visited 2 branches of the dungeon, and saw 8 of its levels.

You collected 280 gold pieces.

Inventory:

Missiles
 q - 2 throwing nets
Armour
 a - a +0 robe
 l - a +1 pair of gloves (worn)
 s - the +1 robe "Nitefoq" (worn) {Will+ MP+9}
   (You found it on level 3 of the Dungeon)

   MP:        It affects your magic capacity (+9).
   Will:      It increases your willpower.
Jewellery
 f - a +4 ring of protection (left hand)
 j - an amulet of regeneration (around neck)
 r - an amulet of reflection
 t - a ring of positive energy
 u - a +4 ring of evasion (right hand)
 w - a +6 ring of dexterity
Wands
 o - a wand of flame (11)
 v - a wand of polymorph (9)
Scrolls
 c - 4 scrolls of identify
 d - a scroll of fear
 e - 2 scrolls of amnesia
 g - a scroll of enchant armour
 m - 2 scrolls of teleportation
Potions
 b - a potion of magic
 h - 2 potions of flight
 i - 8 potions of curing
 k - 3 potions of attraction
 n - a potion of might
 p - a potion of mutation
 x - a potion of lignification {unknown}


   Skills:
 - Level 2.4 Dodging
 - Level 2.4 Stealth
 + Level 6.9 Spellcasting
 * Level 7.5 Conjurations
 * Level 8.2 Fire Magic


You had 7 spell levels left.
You knew the following spells:

 Your Spells              Type           Power      Damage    Failure   Level
a - Foxfire               Conj/Fire      100%       2x1d9     1%          1
b - Scorch                Fire           90%        2d10      1%          2
c - Conjure Flame         Conj/Fire      44%        6-21      1%          3
d - Inner Flame           Hex/Fire       26%        N/A       4%          3
e - Flame Wave            Conj/Fire      44%        2d10      3%          4

Your spell library contained the following spells:

 Spells                   Type           Power      Damage    Failure   Level
 Stone Arrow              Conj/Erth      50%        3d10      4%          3
 Freeze                   Ice            28%        1d5       8%          1
 Sandblast                Erth           14%        2d6       8%          1
 Slow                     Hex            28%        N/A       8%          1
 Passwall                 Tmut/Erth      5%         N/A       12%         2
 Hailstorm                Conj/Ice       25%        3d7       17%         4
 Confusing Touch          Hex            7%         N/A       24%         3
 Frozen Ramparts          Ice            14%        1d3       24%         3
 Vampiric Draining        Necr           7%         2d6       24%         3
 Animate Dead             Necr           7%         N/A       61%         4
 Ice Form                 Ice/Tmut       7%         N/A       61%         4
 Summon Ice Beast         Ice/Summ       7%         N/A       61%         4
 Borgnjor's Vile Clutch   Necr/Erth      3%         N/A       91%         5
 Death Channel            Necr           3%         N/A       100%        6


Dungeon Overview and Level Annotations

Branches:
Dungeon (7/15)             Temple (1/1) D:7

Altars:
Cheibriados
Dithmenos
Elyvilon
Fedhas
Okawaru
Sif Muna
Trog
Vehumet
Wu Jian

Shops:
D:3 [

Annotations:
D:5 1 runed translucent door, robertstho's ghost, novice DjFE


Message History

The ball of steam hits you!
You hear a shout! x3
You are engulfed in a cloud of scalding steam.
You hear a shout!
The bullfrog is engulfed in a cloud of scalding steam.
The bullfrog hits you.
The bullfrog is engulfed in a cloud of scalding steam.
The bullfrog misses you. The bullfrog attacks as you move away!
The bullfrog hits you but does no damage.
The bullfrog is engulfed in a cloud of scalding steam.
The bullfrog dies!
The centaur wields a +0 shortbow.
The centaur shoots an arrow.
The arrow misses you.
You hear a shout!
Casting: Scorch (safe; 1% risk of failure)
Confirm with . or Enter, or press ? or * to list all spells.
You conjure some foxfire!
The steam dragon breathes steam at you. The ball of steam hits you!
You are engulfed in a cloud of scalding steam.
The foxfire hits the howler monkey!
The howler monkey is heavily wounded.
The foxfire hits the howler monkey.
The howler monkey is heavily wounded.
The howler monkey is engulfed in a cloud of scalding steam.
A white imp comes into view.
Casting: Foxfire (safe; 1% risk of failure)
Confirm with . or Enter, or press ? or * to list all spells.
Flames lash the steam dragon.
The steam dragon is moderately wounded.
The steam dragon's fire resistance burns away.
You are engulfed in a cloud of scalding steam.
The centaur unwields a +0 shortbow.
The centaur misses you. The centaur barely misses you.
The howler monkey is engulfed in a cloud of scalding steam.
The howler monkey completely misses you.
The steam dragon breathes steam at you. The ball of steam hits you!
You die...

+...............#....
##...##.##+##.####..#
#######.##.##.####..#
#........#.....#....#
#........'.....#....#.. #
#........#.....#....#..
..#..##+####.....#.<..##.
.......c.§......##....##.
......§h@≈≈≈≈≈..##.......
♣...?§§#####≈...#.......
......§D# ≈..##....##.
.5...<.≈# ≈..##....##.
.?...§.§# ≈...........
.♣.###.≈# ≈..##....##. ..
#.≈§ ≈.###....##. . ....
. #.....#.. ....
#.....#..


You could see a steam dragon (catching breath, combustible), a centaur and a
howler monkey.

Vanquished Creatures
  2 water moccasins
  An ice beast (D:6)
  2 sky beasts
  A black bear (D:4)
  A kobold brigand (D:7)
  A necrophage (D:5)
  A bullfrog (D:6)
  A scorpion (D:6)
  A howler monkey (D:6)
  2 electric eels (D:6)
  2 hounds (D:7)
  A jelly (D:4)
  Jessica (D:3)
  4 iguanas
  4 orc wizards (D:6)
  Robin (D:2)
  7 gnolls
  5 adders
  A white imp (D:5)
  A worm (D:2)
  4 dart slugs
  23 orcs
  11 ball pythons
  6 endoplasms
  3 giant cockroaches
  14 goblins
  4 hobgoblins
  5 jackals
  4 bats
  3 frilled lizards
  11 kobolds
  7 rats
135 creatures vanquished.

Vanquished Creatures (others)
  A bullfrog (D:7)
  376 foxfires
377 creatures vanquished.

Grand Total: 512 creatures vanquished

Notes
Turn   | Place    | Note
-------+----------+-------------------------------------------
     0 | D:1      | kae the Deep Elf Fire Elementalist began the quest for the
                  | Orb.
     0 | D:1      | Reached XP level 1. HP: 10/10 MP: 6/6
   201 | D:1      | Reached XP level 2. HP: 15/15 MP: 1/8
   204 | D:1      | Learned a level 2 spell: Scorch
   523 | D:1      | Found a faded altar of an unknown god.
  1007 | D:2      | Reached XP level 3. HP: 19/19 MP: 6/9
  1011 | D:2      | Learned a level 3 spell: Conjure Flame
  1153 | D:2      | Reached skill level 4 in Fire Magic
  1633 | D:2      | Noticed Robin
  1882 | D:2      | Killed Robin
  2075 | D:2      | Reached XP level 4. HP: 24/24 MP: 6/11
  2079 | D:2      | Learned a level 3 spell: Inner Flame
  2666 | D:3      | Found Vakhluam's Armour Shop.
  2790 | D:3      | Identified the +1 robe "Nitefoq" {Will+ MP+9}
  3004 | D:3      | Noticed Jessica
  3010 | D:3      | Killed Jessica
  3011 | D:3      | Reached XP level 5. HP: 28/28 MP: 13/13
  3291 | D:3      | Reached skill level 5 in Fire Magic
  3872 | D:4      | Reached XP level 6. HP: 32/32 MP: 14/14
  4062 | D:4      | Learned a level 4 spell: Flame Wave
  4186 | D:4      | Found a shadowy altar of Dithmenos.
  4891 | D:5      | Entered Level 5 of the Dungeon
  4894 | D:5      | Noticed a sky beast
  4903 | D:5      | Killed a sky beast
  4904 | D:5      | Reached skill level 5 in Spellcasting
  4904 | D:5      | Reached skill level 5 in Conjurations
  4904 | D:5      | Reached skill level 6 in Fire Magic
  4953 | D:5      | Noticed robertstho's ghost (novice DjFE)
  4956 | D:5      | Found a runed translucent door.
  4975 | D:5      | Noticed a water moccasin
  4980 | D:5      | Killed a water moccasin
  4981 | D:5      | Reached XP level 7. HP: 22/36 MP: 17/17
  5565 | D:5      | Noticed a kobold demonologist
  5673 | D:6      | Reached skill level 7 in Fire Magic
  5710 | D:6      | Found an iron altar of Okawaru.
  5829 | D:6      | Reached XP level 8. HP: 32/41 MP: 19/19
  6362 | D:7      | Reached skill level 8 in Fire Magic
  6425 | D:7      | Found a staircase to the Ecumenical Temple.
  6434 | Temple   | Entered the Ecumenical Temple
  6473 | Temple   | Became a worshipper of Vehumet
  6568 | D:7      | Killed from afar by a steam dragon

Illustrated notes

Levels and vault maps discovered:
D:1:      psy_arrival_conway, layout_rooms, ebering_ecumenical_altar_mist
D:2:      layout_loops_corners, minmay_misc_feat_nine_boxes, uniq_robin
D:3:      layout_basic, serial_shops, shop, minmay_misc_feat_alley, uniq_jessica
D:4:      layout_basic, lemuel_crystal_altar, minivault_24, grunt_decor_fettered
D:5:      layout_loops_ring, hellmonk_ghost_happy_afterlife,
          lightli_corner_chamber
D:6:      cheibrodos_helix_gallery, layout_rooms, kennysheep_okawaru_gauntlet
D:7:      layout_gridville, temple_pool_b, enter_bailey_3, grunt_ministairs_2
Temple:   nicolae_temple_elliptical

Skill      XL: |  1  2  3  4  5  6  7  8 |
---------------+-------------------------+-----
Conjurations   | 2 3 4 5 6 7 |  7.5
Fire Magic     | 4 5 6 7 8 |  8.2
Spellcasting   | 4 5 6 |  6.9
Dodging        | |  2.4
Stealth        | |  2.4

Action                   |  1- 3 |  4- 6 |  7- 9 || total
-------------------------+-------+-------+-------++-------
Melee: Unarmed           |       |       |     1 ||     1
 Cast: Foxfire           |    73 |    87 |    62 ||   222
       Scorch            |    16 |    18 |    19 ||    53
       Conjure Flame     |       |     3 |       ||     3
       Flame Wave        |       |     1 |     1 ||     2
  Use: Scroll            |       |    11 |     2 ||    13
Armor: Robe              |    10 |     6 |    13 ||    29
Dodge: Dodged            |     7 |    20 |    19 ||    46

Table legend: (Time is in decaauts)
 A = Elapsed time spent in this place.
 B = Non-inter-level travel time spent in this place.
 C = Inter-level travel time spent in this place.
 D = Time resting spent in this place.
 E = Time spent auto-exploring this place.
 F = Levels seen in this place.
 G = Mean time per level.
                   A        B        C        D        E       F      G
               +--------+--------+--------+--------+--------+-----+--------+
         Total |   6576 |   6409 |    167 |    193 |   5202 |   8 |  822.0 |
       Dungeon |   6523 |   6380 |    143 |    193 |   5188 |   7 |  931.9 |
        Temple |     52 |     28 |     24 |      0 |     14 |   1 |   52.0 |
               +--------+--------+--------+--------+--------+-----+--------+

Top non-repeatable levels by time:
     D:2: 1669 daAuts
     D:3: 1175 daAuts
     D:4: 1102 daAuts
     D:1: 946 daAuts
     D:5: 718 daAuts
     D:6: 635 daAuts
     D:7: 274 daAuts
  Temple: 52 daAuts
